 Dungeon Crawl Stone Soup version 0.31-a0-836-g3ceb0a68c4 (webtiles) character file.

Game seed: 3344062235452595543

9 Bartus99 the Trooper (level 2, -11/32 HPs)
             Began as an Ogre Berserker on Sept 26, 2023.
             Was a Follower of Trog.
             Killed by an exploding endoplasm (33 damage)
             ... ignited by their inner flame
             ... on level 1 of the Dungeon.
             The game lasted 00:13:28 (186 turns).

Bartus99 the Trooper (Ogre Berserker)                Turns: 186, Time: 00:13:35

Health: -11/32     AC:  3    Str: 20    XL:     2   Next: 12%
Magic:  2/2        EV: 10    Int:  8    God:    Trog [*.....]
Gold:   7          SH:  0    Dex:  8    Spells: 1/1 levels left

rFire   . .          .
                       - Unarmed
rCold   . . .        (no shield)
rNeg    . . .        a - +0 animal skin
rPois   .            (helmet restricted)
rElec   .            (no cloak)
rCorr   .            (gloves unavailable)
SInv    .            (boots unavailable)
Will    .....        (no amulet)
Stlth   +            (no ring)
HPRegen 0.25/turn    (no ring)
MPRegen 0.08/turn

%: no passive effects
@: no status effects
A: large, unfitting armour, tough skin 1
a: Renounce Religion, Berserk


You were on level 1 of the Dungeon.
You worshipped Trog.
Trog was aware of your devotion.
You visited 1 branch of the dungeon, and saw 1 of its levels.

You collected 7 gold pieces.

Inventory:

Armour
 a - a +0 animal skin (worn)
 g - a +0 scale mail
 i - a +0 ring mail
Jewellery
 b - an amulet of faith
Scrolls
 d - a scroll of revelation {unknown}
Potions
 f - a potion of invisibility {unknown}


   Skills:
 + Level 4.2 Fighting
 + Level 2.9 Dodging
 + Level 2.8 Unarmed Combat


You had one spell level left.
You didn't know any spells.
Your spell library was empty.

Dungeon Overview and Level Annotations

Branches:
Dungeon (1/15)

Altars:


Innate Abilities, Weirdness & Mutations

You are too large for most types of armour.
You have tough skin. (AC +1)


Message History

The dart slug is moderately wounded.
The dart slug launches a dart at you. The slug dart hits you.
You hit the dart slug.
The dart slug is moderately wounded.
The dart slug barely misses you.
You hit the dart slug.
The dart slug is severely wounded.
The dart slug launches a dart at you. The slug dart hits you.
You punch the dart slug!
You kill the dart slug!
Trog accepts your kill.
You have reached level 2!
Unknown command.
Unknown command.
Found a fizzy yellow potion.
You feel yourself speed up.
f - a fizzy yellow potion You see here a +0 scale mail.
g - a +0 scale mail This armour is too small for you!
You see here a +0 whip.
You recover from your berserk rage.
An endoplasm comes into view.
The endoplasm quivers.
As you read the scroll labelled GUUVUC LUYCLU, it crumbles to dust.
The creatures around you are filled with an inner flame!
It was a scroll of immolation.
As you read the scroll labelled YDGHEA LOREOR, it crumbles to dust.
It is a scroll of identify.
Okay, then.
You hit the endoplasm.
Flame seeps out of the endoplasm.
The endoplasm is severely wounded.
The endoplasm is engulfed in blazing flames.
Trog accepts your kill.
The endoplasm explodes!
The fiery explosion engulfs you!!
Ouch! That really hurt!
You die...

############
###....... ...
####.#.#.#.######
##...)....>.......
##...#.#.#.#.#..#..
#.............#.#..
##...#.#.#.#.#.#...
#..#.........###..
#@§##.#.#.#.#.#†..
#○.#..............
#§§##.#.#.#.##†#..
#..####...........
#..# ###..##.####
#..# #..##.# #...
#..##.# ###. #.. #.
#. #.


There were no monsters in sight!

Vanquished Creatures
  A dart slug (D:1)
  2 endoplasms (D:1)
  3 hobgoblins (D:1)
  A rat (D:1)
7 creatures vanquished.

Notes
Turn   | Place    | Note
-------+----------+-------------------------------------------
     0 | D:1      | Bartus99 the Ogre Berserker began the quest for the Orb.
     0 | D:1      | Reached XP level 1. HP: 24/24 MP: 1/1
   161 | D:1      | Reached XP level 2. HP: 15/32 MP: 2/2
   186 | D:1      | Killed by an exploding endoplasm... ignited by their inner
                  | flame

Illustrated notes

Levels and vault maps discovered:
D:1:      minmay_arrival_loop, layout_loops_ring, st_stairs_9,
          chequers_serial_rivers_micro_e

Action                     || total
---------------------------++-------
  Melee: Unarmed           ||    21
         Punch             ||     1
 Invoke: Berserk           ||     1
    Use: Scroll            ||     2
 Armour: Animal skin       ||    15
  Dodge: Dodged            ||    13

Table legend: (Time is in decaauts)
 A = Elapsed time spent in this place.
 B = Non-inter-level travel time spent in this place.
 C = Inter-level travel time spent in this place.
 D = Time resting spent in this place.
 E = Time spent auto-exploring this place.
 F = Levels seen in this place.
 G = Mean time per level.
                   A        B        C        D        E       F      G
               +--------+--------+--------+--------+--------+-----+--------+
         Total |    189 |    121 |     68 |      0 |     15 |   1 |  189.0 |
       Dungeon |    189 |    121 |     68 |      0 |     15 |   1 |  189.0 |
               +--------+--------+--------+--------+--------+-----+--------+

Top non-repeatable levels by time:
     D:1: 189 daAuts
